 Dungeon Crawl Stone Soup version 0.21.1-1-g345015f (webtiles) character file.

65 microfolk the Changer (level 3, -5/29 HPs)
             Began as a Draconian Transmuter on Apr 21, 2018.
             Slain by a centaur (8 damage)
             ... on level 2 of the Dungeon.
             The game lasted 00:05:16 (2021 turns).

microfolk the Changer (Draconian Transmuter)        Turns: 2021, Time: 00:05:17

Health: -5/29      AC:  5    Str: 12    XL:     3   Next: 92%
Magic:  2/6        EV: 12    Int: 14    God:
Gold:   84         SH:  0    Dex: 11    Spells: 1/7 levels left

rFire    . . .     SeeInvis .     - Unarmed
rCold    . . .     Gourm    .   (no shield)
rNeg     . . .     Faith    .   (armour unavailable)
rPois    .         Spirit   .   (helmet restricted)
rElec    .         Reflect  .   (no cloak)
rCorr    .         Harm     .   (no gloves)
MR       .....                  (no boots)
Stlth    +.........             (no amulet)
HPRegen  0.09/turn              (no ring)
MPRegen  0.10/turn              (no ring)

@: no status effects
A: unfitting armour, cold-blooded, AC +5
a: no special abilities


You were on level 2 of the Dungeon.
You were not hungry.

You visited 1 branch of the dungeon, and saw 3 of its levels.

You collected 84 gold pieces.

Inventory:

Hand Weapons
 e - a +0 hunting sling
Missiles
 a - 6 arrows
 k - 47 sling bullets
 l - 77 stones (quivered)
Jewellery
 i - an uncursed ring of see invisible {unknown}
Scrolls
 d - a scroll of fog
 g - a scroll of teleportation
 j - a scroll of amnesia {unknown}
 o - a scroll of enchant armour
 p - a scroll of blinking
 q - a scroll of remove curse {unknown}
Potions
 f - a potion of curing {unknown}
 h - a potion of lignification {unknown}
 n - a potion of magic {unknown}
Books
 b - a book of Changes

   Spells                             Type                      Level
   a - Beastly Appendage              Transmutation                1
   b - Sticks to Snakes               Transmutation                2
   c - Spider Form                    Transmutation/Poison         3
   d - Ice Form                       Ice/Transmutation            4
   e - Blade Hands                    Transmutation                5
Comestibles
 c - 3 rations


   Skills:
 + Level 2.2 Fighting
 - Level 1.7 Dodging
 - Level 3.0 Unarmed Combat
 + Level 2.5 Spellcasting
 * Level 3.3 Transmutations


You had one spell level left.
You knew the following spells:

 Your Spells              Type           Power        Failure   Level  Hunger
a - Beastly Appendage     Tmut           ##....       5%          1    #......
b - Sticks to Snakes      Tmut           ##......     9%          2    ###....
c - Spider Form           Tmut/Pois      #.........   32%         3    ###....


Dungeon Overview and Level Annotations

Branches:
Dungeon (3/15)

Altars:

Annotations:
D:1 exclusion: downstairs
D:3 Tiareth's ghost, novice DETm


Innate Abilities, Weirdness & Mutations

Your plain brown scales are hard. (AC +5)
You cannot fit into any form of body armour.
You are cold-blooded and may be slowed by cold attacks.


Message History

The centaur unwields an uncursed shortbow.
The centaur closely misses you.
Your ball python bites the centaur but does no damage.
You hit the centaur.
The centaur is moderately wounded.
The centaur barely misses you.
Your ball python barely misses the centaur.
The centaur barely misses you.
You hit the centaur.
The centaur is moderately wounded.
Your ball python bites the centaur.
The centaur closely misses you.
Your adder bites the centaur.
The centaur is poisoned.
Your adder poisons the centaur!
You hit the centaur.
The centaur is heavily wounded.
The centaur hits you.
* * * LOW HITPOINT WARNING * * *
Your ball python bites the centaur.
Your adder bites the centaur.
The centaur hits you!
You die...

##..#................. ....
..............#...... ....
#...........?.#..####
....###...c............####
........#...#.............
..........c......#.#.####
#........#.....#.......
###...#.##.##.######.###.
#...<...@cS...#..........
#.#.#...S.......##.######
.....#.##....####.#
##.####.#..##...##.# .
...####....####)...####
...###......<..# #.#.....###
.......>.......###..........
######...................###
...............##.#......##


You could see a centaur, a friendly adder and a friendly ball python.

Vanquished Creatures
  2 adders (D:2)
  An ooze (D:2)
  A dart slug (D:2)
  3 leopard geckos
  6 goblins
  3 hobgoblins (D:1)
  4 jackals (D:2)
  8 kobolds
  3 bats (D:1)
  2 frilled lizards (D:1)
  4 rats
37 creatures vanquished.

Notes
Turn   | Place    | Note
-------+----------+-------------------------------------------
     0 | D:1      | microfolk the Draconian Transmuter began the quest for the Orb.
     0 | D:1      | Reached XP level 1. HP: 16/16 MP: 3/3
   305 | D:1      | Reached XP level 2. HP: 23/23 MP: 3/5
   309 | D:1      | Learned a level 2 spell: Sticks to Snakes
  1068 | D:2      | Reached XP level 3. HP: 23/29 MP: 4/6
  1074 | D:2      | Learned a level 3 spell: Spider Form
  1101 | D:2      | Noticed a centaur
  1762 | D:3      | Noticed Tiareth's ghost (novice DETm)
  2021 | D:2      | Slain by a centaur

Skill      XL: |  1  2  3 |
---------------+----------+-----
Transmutations | 3 |  3.3
Fighting       | 2 |  2.2
Dodging        | |  1.7
Unarmed Combat | |  3.0
Spellcasting   | |  2.5

Action                   || total
-------------------------++-------
Melee: Unarmed           ||   138
       Tailslap          ||    12
       Headbutt          ||     3
       Kick              ||     9
 Cast: Beastly Appendage ||    17
       Sticks to Snakes  ||     8
  Use: Scroll            ||     4
  Eat: Chunk             ||     4
Armor: Skin              ||    48
Dodge: Dodged            ||   101
